 Dungeon Crawl Stone Soup version 0.29-a0-982-gaed3a0c8d8 (webtiles) character file.

Game seed: 2671199691813267509

2692 porpoise the Trooper (level 9, 0/62 (72) HPs)
             Began as a Merfolk Transmuter on Aug 1, 2022.
             Was a Follower of Fedhas.
             Slain by a wight
             ... wielding a +0 great sword
              (12 damage)
             ... on level 8 of the Dungeon on Aug 2, 2022.
             The game lasted 00:35:15 (8557 turns).

porpoise the Trooper (Merfolk Transmuter)           Turns: 8557, Time: 00:35:17

HP:   0/62 (72)     AC: 11    Str: 12    XL:     9   Next: 65%
MP:   10/10         EV: 12    Int: 11    God:    Fedhas [*.....]
Gold: 575           SH:  0    Dex: 19    Spells: 9/12 levels left

rFire   . . .      SeeInvis .   a - +0 rapier (elec)
rCold   . . .      Faith    .   (no shield)
rNeg    + . .      Spirit   .   i - +0 ring mail
rPois   +          Reflect  .   (no helmet)
rElec   .          Harm     .   D - +2 ratskin cloak {*Rats rPois rN+ Str-1 Int-1 Dex+1}
rCorr   .          Rampage  .   r - +1 pair of gloves
Will    .....                   (no boots)
Stlth   +.........              (no amulet)
HPRegen 0.20/turn               j - ring of flight
MPRegen 0.12/turn               h - ring of wizardry

@: flying, heavily drained
A: (nimble swimmer 2), mertail, claws 1, agile 1, low MP 1
a: Renounce Religion


You were on level 8 of the Dungeon.
You worshipped Fedhas.
Fedhas was aware of your devotion.
You visited 2 branches of the dungeon, and saw 9 of its levels.
You also visited: Sewer.

You collected 575 gold pieces.

Inventory:

Hand Weapons
 a - a +0 rapier of electrocution (weapon)
 b - a +0 sling
 l - a +1 war axe of electrocution
 w - a +2 dagger of venom
 C - the +5 flail of the Sea {drain, rN+++ Str-2 Int+5 Dex-4}
   (You found it on level 4 of the Dungeon)

   A truly terrible weapon, it drains the life of any living foe it strikes.
   Str:       It affects your strength (-2).
   Int:       It affects your intelligence (+5).
   Dex:       It affects your dexterity (-4).
   rN:        It renders you almost immune to negative energy.
 G - a +0 trident of freezing
Missiles
 q - 20 poisoned darts
 u - 2 throwing nets
 x - 13 boomerangs
 I - a curare-tipped dart
 N - 4 atropa-tipped darts
Armour
 i - a +0 ring mail (worn)
 r - a +1 pair of gloves (worn)
 D - the +2 ratskin cloak (worn) {*Rats rPois rN+ Str-1 Int-1 Dex+1}
   (You found it in a sewer)

   When the wearer is hurt, rats may emerge from it to assist them.
   Str:       It affects your strength (-1).
   Int:       It affects your intelligence (-1).
   Dex:       It affects your dexterity (+1).
   rPois:     It protects you from poison.
   rN:        It protects you from negative energy.
 H - a scarf of harm
 M - a +2 cloak of preservation
Magical Staves
 y - a staff of cold
Jewellery
 e - an amulet of faith
 h - a ring of wizardry (right hand)
 j - a ring of flight (left hand)
 z - an amulet of regeneration
 K - a ring of ice
Wands
 s - a wand of flame (63)
 t - a wand of mindburst (13)
Scrolls
 c - 2 scrolls of teleportation
 m - a scroll of amnesia
 p - a scroll of fear
 A - a scroll of immolation
 J - 2 scrolls of enchant armour
Potions
 d - a potion of heal wounds
 f - a potion of mutation
 g - 2 potions of brilliance
 k - 4 potions of lignification
 n - 2 potions of experience {unknown}
 o - 5 potions of haste
 v - 4 potions of curing
 B - 3 potions of might
 E - 3 potions of magic {unknown}
 F - 2 potions of cancellation {unknown}
 L - 2 potions of degeneration {unknown}


   Skills:
 + Level 7.5 Fighting
 - Level 4.0 Short Blades
 - Level 6.0 Polearms
 - Level 5.0 Armour
 + Level 4.2 Dodging
 - Level 6.3 Unarmed Combat
 - Level 2.0 Spellcasting
 - Level 3.0 Transmutations
 + Level 2.4 Invocations


You had 9 spell levels left.
You knew the following spells:

 Your Spells              Type           Power      Damage    Failure   Level
a - Beastly Appendage     Tmut           14%        N/A       8%          1
w - Wereblood             Tmut           7%         N/A       11%         2

Your spell library contained the following spells:

 Spells                   Type           Power      Damage    Failure   Level
 Passwall                 Tmut/Erth      3%         N/A       21%         2
 Magic Dart               Conj           4%         1d3       24%         1
 Necrotise                Necr           4%         1d4       24%         1
 Sandblast                Erth           2%         2d4       24%         1
 Call Imp                 Summ           1%         N/A       34%         2
 Spider Form              Tmut/Pois      4%         N/A       36%         3
 Mephitic Cloud           Conj/Pois/Air  1%         N/A       56%         3
 Stone Arrow              Conj/Erth      2%         3d7       56%         3
 Vampiric Draining        Necr           1%         2d6       56%         3
 Ice Form                 Ice/Tmut       4%         N/A       75%         4
 Summon Ice Beast         Ice/Summ       1%         N/A       91%         4
 Agony                    Necr           1%         N/A       99%         5
 Summon Mana Viper        Hex/Summ       1%         N/A       99%         5
 Monstrous Menagerie      Summ           0%         N/A       100%        7


Dungeon Overview and Level Annotations

Branches:
Dungeon (8/15)             Temple (1/1) D:6           Sewer (visited)
   Lair: D:8-11

Altars:
Cheibriados
Dithmenos
Fedhas
Gozag
Hepliaklqana
Kikubaaqudgha
Makhleb
Nemelex Xobeh
Okawaru
Qazlal
Ru
Sif Muna
Trog
Uskayaw
Vehumet
Wu Jian
Xom
Zin
The Shining One

Annotations:
D:7 1 transporter


Innate Abilities, Weirdness & Mutations

((You are very nimble when in or above water. (Stealth+, EV+, Speed+++)))
Your lower body shifts to a powerful aquatic tail in water.
You have sharp fingernails.
You are agile. (Dex +4, Str/Int -1)
Your magical capacity is low. (-10% MP)


Message History

The wight is severely damaged.
The wight barely misses you. The wight completely misses you.
You hit the wight but do no damage. You punch the wight, but do no damage.
The wight is severely damaged.
The wight misses you. The wight closely misses you.
You hit the wight but do no damage.
The wight is severely damaged.
The wight hits you with a +0 spear. You partially resist.
You feel drained. The wight closely misses you.
You hit the wight but do no damage.
The wight is severely damaged.
The wight barely misses you. x2
You barely miss the wight.
The wight is severely damaged.
The wight hits you but does no damage. The wight closely misses you.
You hit the wight but do no damage.
The wight is severely damaged.
The wight hits you with a +0 spear. The wight barely misses you.
You hit the wight.
The wight is almost destroyed.
The wight hits you but does no damage.
The wight hits you with a +0 great sword!
* * * LOW HITPOINT WARNING * * *
You partially resist.
You feel drained.
* * * LOW HITPOINT WARNING * * *
You hit the wight but do no damage.
The wight is almost destroyed.
The wight hits you but does no damage.
The wight hits you with a +0 great sword!
* * * LOW HITPOINT WARNING * * *
You partially resist.
You feel drained.
* * * LOW HITPOINT WARNING * * *
You feel much better. The wight hits you with a +0 spear!
* * * LOW HITPOINT WARNING * * *
A hell rat scurries out from under your cloak.
You partially resist.
You feel drained.
* * * LOW HITPOINT WARNING * * *
The wight hits you with a +0 great sword!
You die...
Fedhas appreciates your contribution to the ecosystem.

.#..# #.##.##. .#..#
#.##.##. # .#..#
#.##.##. #.....
#....>.. ....
##>##.##. ##.#
#......#. ##..###
#..##.)#.
####z....###..##....
+..@z...)...........
####r......##.......
#.......#####.##.
#.......# #.###
###...### #.# #...#
#. ##.## #.# #.#


You could see 2 wights and a friendly hell rat.

Vanquished Creatures
  Edmund (D:4)
  A water moccasin (D:7)
  A black bear (D:6)
  3 ice beasts
  A sky beast (D:8)
  An ogre (D:6)
  3 centaurs
  2 phantoms
  A kobold brigand (D:6)
  3 bullfrogs
  A necrophage (D:5)
  3 scorpions
  3 wights (D:8)
  A crimson imp (D:4)
  5 hounds
  2 jellies
  Crazy Yiuf (D:6)
  A gnoll bouda (D:6)
  4 orc priests
  7 iguanas
  2 orc wizards
  10 gnolls
  3 adders
  2 ufetubi (D:5)
  3 worms
  2 dart slugs
  14 orcs
  10 endoplasms
  3 giant cockroaches
  3 goblins
  6 hobgoblins
  2 jackals (D:2)
  2 quokkas
  8 ball pythons
  9 bats
  5 frilled lizards
  28 kobolds
  14 rats
171 creatures vanquished.

Vanquished Creatures (others)
  A plant (Sewer)
1 creature vanquished.

Grand Total: 172 creatures vanquished

Notes
Turn   | Place    | Note
-------+----------+-------------------------------------------
     0 | D:1      | porpoise the Merfolk Transmuter began the quest for the
                  | Orb.
     0 | D:1      | Reached XP level 1. HP: 15/15 MP: 3/3
   180 | D:1      | Noticed a golden eye
   182 | D:1      | Found a faded altar of an unknown god.
   184 | D:1      | Noticed a floating eye
   184 | D:1      | Noticed an eye of devastation
   184 | D:1      | Noticed a golden eye
   469 | D:1      | Reached XP level 2. HP: 15/21 MP: 5/5
  1173 | D:2      | Gained mutation: You are agile. (Dex +4, Str/Int -1)
                  | [potion of mutation]
  1173 | D:2      | Gained mutation: Your magical capacity is low. (-10% MP)
                  | [potion of mutation]
  1173 | D:2      | Gained mutation: You have sharp fingernails. [potion of
                  | mutation]
  1188 | D:2      | Reached skill level 1 in Short Blades
  1188 | D:2      | Reached XP level 3. HP: 26/27 MP: 5/5
  1671 | D:2      | Reached skill level 2 in Fighting
  1911 | D:3      | Upgraded the game from 0.29-a0-973-gac7da5f7f0 to
                  | 0.29-a0-982-gaed3a0c8d8
  1914 | D:3      | Learned a level 2 spell: Wereblood
  1932 | D:3      | Reached XP level 4. HP: 20/33 MP: 6/6
  2413 | D:3      | Found a sacrificial altar of Ru.
  2495 | D:3      | Found an ornate altar of the Wu Jian Council.
  2796 | D:4      | Noticed Edmund
  2807 | D:4      | Killed Edmund
  2808 | D:4      | Reached skill level 3 in Fighting
  2808 | D:4      | Reached XP level 5. HP: 26/41 MP: 7/7
  2984 | D:4      | Found a shimmering altar of Xom.
  2984 | D:4      | Found a burning altar of Makhleb.
  3002 | D:4      | Reached skill level 5 in Unarmed Combat
  3002 | D:4      | Reached XP level 6. HP: 25/47 MP: 8/8
  3352 | D:4      | Reached skill level 1 in Armour
  3527 | D:4      | Noticed a +0 hand axe
  3527 | D:4      | Noticed a +0 hand axe
  3756 | D:4      | Identified the +5 flail of the Sea {drain, rN+++ Str-2
                  | Int+5 Dex-4}
  3803 | D:4      | Found a hide-covered altar of Uskayaw.
  3829 | D:4      | Reached skill level 4 in Fighting
  3829 | D:4      | Reached XP level 7. HP: 40/54 MP: 9/9
  4002 | D:5      | Entered Level 5 of the Dungeon
  4228 | D:5      | Found a glowing drain.
  4262 | Sewer    | Entered a sewer
  4624 | Sewer    | Found the +2 ratskin cloak {*Rats rPois rN+ Str-1 Int-1
                  | Dex+1}
  5140 | D:5      | Reached skill level 5 in Fighting
  5300 | D:5      | Reached skill level 1 in Polearms
  5300 | D:5      | Reached XP level 8. HP: 59/62 MP: 9/9
  5728 | D:6      | Reached skill level 6 in Fighting
  5738 | D:6      | Reached skill level 5 in Polearms
  5996 | D:6      | Found an iron altar of Okawaru.
  6015 | D:6      | Found a staircase to the Ecumenical Temple.
  6069 | Temple   | Entered the Ecumenical Temple
  6096 | Temple   | Became a worshipper of Fedhas Madash
  6295 | D:6      | Reached XP level 9. HP: 40/71 MP: 10/10
  6655 | D:6      | Reached skill level 7 in Fighting
  6789 | D:6      | Found a runed translucent door.
  6790 | D:6      | Noticed Crazy Yiuf
  6798 | D:6      | Killed Crazy Yiuf
  6984 | D:7      | Found a stormy altar of Qazlal.
  7031 | D:7      | Reached skill level 5 in Armour
  7495 | D:7      | Reached skill level 1 in Invocations
  7502 | D:7      | Reached * piety under Fedhas
  7555 | D:7      | Found a transporter.
  7921 | D:7      | Found a transporter.
  8556 | D:8      | HP: 3/63 [wight/+0 great sword (1)]
  8557 | D:8      | Slain by a wight

Illustrated notes

Levels and vault maps discovered:
D:1:      moated_graveyard_arrival, layout_basic,
          hellmonk_ecumenical_altar_watching_god
D:2:      layout_rooms
D:3:      layout_basic, nicolae_wu_jian_wuxing_cycle, nicolae_ru_awakened_eye
D:4:      layout_loops_ring, dancing_weapons_uskayaw,
          grunt_temple_overflow_champion_of_chaos, minmay_between, uniq_edmund
D:5:      layout_rooms, portal_sewer_entry_c, kennysheep_dice
D:6:      layout_basic, okawaru_metal_pillars_1_2, minmay_temple_entry_wispy,
          uniq_crazy_yiuf_cottage
D:7:      gammafunk_cloud_chamber, layout_basic, old_standard_altar
D:8:      layout_loops_corners, gammafunk_ghost_split
Temple:   hellmonk_temple_two_chambers

Skill      XL: |  1  2  3  4  5  6  7  8  9 |
---------------+----------------------------+-----
Transmutations | 3 |  3.0
Short Blades   | 1 2 4 |  4.0
Fighting       | 2 3 4 5 6 7 |  7.5
Unarmed Combat | 4 5 6 |  6.3
Armour         | 1 2 3 5 |  5.0
Polearms       | 1 6 |  6.0
Dodging        | 4 |  4.2
Invocations    | 2 |  2.4
Spellcasting   | |  2.0

Action                   |  1- 3 |  4- 6 |  7- 9 || total
-------------------------+-------+-------+-------++-------
Melee: Rapier            |    64 |   113 |   384 ||   561
       Unarmed           |     8 |       |       ||     8
       Headbutt          |     1 |       |     6 ||     7
       Punch             |     1 |     6 |    17 ||    24
       Trident           |       |       |     2 ||     2
 Fire: Sling             |    30 |    16 |    23 ||    69
 Cast: Beastly Appendage |     1 |       |     4 ||     5
  Use: Potion            |     5 |     1 |     4 ||    10
       Scroll            |       |       |    15 ||    15
Armor: Ring mail         |    26 |    32 |   204 ||   262
       Robe              |     1 |       |       ||     1
Dodge: Dodged            |    49 |    54 |   205 ||   308

Table legend: (Time is in decaauts)
 A = Elapsed time spent in this place.
 B = Non-inter-level travel time spent in this place.
 C = Inter-level travel time spent in this place.
 D = Time resting spent in this place.
 E = Time spent auto-exploring this place.
 F = Levels seen in this place.
 G = Mean time per level.
                   A        B        C        D        E       F      G
               +--------+--------+--------+--------+--------+-----+--------+
         Total |   8498 |   8200 |    298 |   2876 |   3600 |  10 |  849.8 |
       Dungeon |   8051 |   7762 |    289 |   2797 |   3547 |   8 | 1006.4 |
        Temple |     36 |     27 |      9 |      0 |     12 |   1 |   36.0 |
         Sewer |    410 |    410 |      0 |     79 |     40 |   1 |  410.0 |
               +--------+--------+--------+--------+--------+-----+--------+

Top non-repeatable levels by time:
     D:6: 1350 daAuts
     D:4: 1310 daAuts
     D:7: 1135 daAuts
     D:5: 1053 daAuts
     D:2: 991 daAuts
     D:1: 925 daAuts
     D:3: 822 daAuts
     D:8: 461 daAuts
   Sewer: 410 daAuts
  Temple: 36 daAuts
